 Dungeon Crawl Stone Soup version 0.19.1-1-g22dce08 (webtiles) character file.

396 Mimok the Digger (level 6, -6/32 HPs)
             Began as a Gargoyle Earth Elementalist on Jan 1, 2017.
             Mangled by an ogre
             ... wielding a +0 giant club
              (23 damage)
             ... on level 4 of the Dungeon.
             The game lasted 00:14:53 (4478 turns).

Mimok the Digger (Gargoyle Earth Elementalist)      Turns: 4478, Time: 00:14:54

Health: -6/32      AC:  7    Str: 12    XL:     6   Next: 82%
Magic:  8/13       EV: 12    Int: 17    God:
Gold:   114        SH:  0    Dex: 10    Spells: 3 memorised, 6 levels left

rFire  . . .     SeeInvis .     b - 120 stones
rCold  . . .     Gourm    .     c - +1 robe
rNeg   + . .     Faith    .     (no shield)
rPois  ∞         Spirit   .     (no helmet)
rElec  +         Reflect  .     (no cloak)
rCorr  .         Harm     .     (no gloves)
MR     .....                    (no boots)
Stlth  ++........               (no amulet)
                                (no ring)
                                f - ring of flight

@: no status effects
A: negative energy resistance 1, electricity resistance, unbreathing,
petrification resistance, rot immunity, AC +4
a: Evoke Flight


You were on level 4 of the Dungeon.
You were not hungry.

You visited 1 branch of the dungeon, and saw 4 of its levels.

You collected 114 gold pieces.

Inventory:

Hand Weapons
 a - a +0 club
 g - a +1 dagger of electrocution
 i - a +0 flail of protection
 r - a +0 dagger of venom
Missiles
 b - 120 stones (in hand)
Armour
 c - a +1 robe (worn)
Jewellery
 f - a ring of flight (left hand)
Scrolls
 k - a scroll of remove curse
Potions
 j - a potion of mutation
 n - a potion of heal wounds
Books
 e - a book of Geomancy

   Spells                             Type                      Level
   a - Sandblast                      Earth                        1
   b - Passwall                       Transmutation/Earth          2
   c - Stone Arrow                    Conjuration/Earth            3
   d - Petrify                        Transmutation/Earth          4
   e - Lee's Rapid Deconstruction     Earth                        5
 l - a book of Maledictions

   Spells                             Type                      Level
   a - Corona                         Hexes                        1
   b - Ensorcelled Hibernation        Hexes/Ice                    2
   c - Confuse                        Hexes                        3
   d - Tukima's Dance                 Hexes                        3
   e - Dazzling Spray                 Conjuration/Hexes            3
Comestibles
 d - 3 bread rations
 h - 3 meat rations
 p - 4 fruits
 q - a royal jelly


   Skills:
 - Level 1.5 Dodging
 - Level 2.1 Stealth
 * Level 5.0 Spellcasting
 + Level 2.8 Conjurations
   Level 0.7 Transmutations
 + Level 5.4 Earth Magic


You had 6 spell levels left.
You knew the following spells:

 Your Spells              Type           Power        Failure   Level  Hunger
a - Sandblast             Erth           ###...       1%          1    None
b - Stone Arrow           Conj/Erth      ###...       10%         3    ###....
c - Lee's Rapid Deconstr  Erth           ###.......   45%         5    ######.


Dungeon Overview and Level Annotations

Branches:
Dungeon (4/15)
 Temple: D:4-7

Altars:


Innate Abilities, Weirdness & Mutations

You are resistant to torment.
Your stone body is resilient. (AC +4)
You are immune to poison.
You resist negative energy. (rN+)
You are resistant to electric shocks. (rElec)
You can survive without breathing.
You are immune to petrification.
You are immune to rotting.


Message History

Aiming: Sandblast
Press: ? - help, Shift-Dir - straight line, f/p - ogre
Aim: an ogre, wielding a giant club (heavily wounded)
The rocky blast hits the ogre.
The ogre is almost dead.
The ogre hits you with a giant club!
Casting: Sandblast
Confirm with . or Enter, or press ? or * to list all spells.
Aiming: Sandblast
Press: ? - help, Shift-Dir - straight line, f/p - ogre
Aim: an ogre, wielding a giant club (almost dead)
The rocky blast misses the ogre.
Casting: Sandblast
Confirm with . or Enter, or press ? or * to list all spells.
Aiming: Sandblast
Press: ? - help, Shift-Dir - straight line, f/p - ogre
Aim: an ogre, wielding a giant club (almost dead)
The rocky blast misses the ogre.
The ogre hits you with a giant club!!
Ouch! That really hurt!
You die...

...###.##..#
...Z.......#
.#.###.....## ###
.#.###..#.........
...........#####.#
.....!.....# #.#
...#######.# #.# #..# .#
#O# #..# # # #@# #..#
#.#####.#
#..#######...>...# #
.................#.#.##
.......###..##..........
#..##...##..###.##.#.##.
#<.#...........## .#
#..#....##..##.# #
#...........##.###.#


You could see an ogre.

Vanquished Creatures
  A phantom (D:3)
  2 orc priests
  A worker ant (D:4)
  7 adders
  3 gnolls
  2 oozes (D:2)
  2 worms (D:2)
  A dart slug (D:2)
  A leopard gecko (D:3)
  14 orcs
  6 giant cockroaches
  7 goblins
  7 hobgoblins
  12 jackals (D:3)
  14 kobolds
  2 quokkas
  2 ball pythons
  9 bats
  4 frilled lizards
  9 rats
106 creatures vanquished.

Notes
Turn   | Place    | Note
-------+----------+-------------------------------------------
     0 | D:1      | Mimok the Gargoyle Earth Elementalist began the quest for the Orb.
     0 | D:1      | Reached XP level 1. HP: 10/10 MP: 3/3
     4 | D:1      | Noticed an electric eel
     5 | D:1      | Noticed an electric eel
   382 | D:1      | Reached XP level 2. HP: 15/15 MP: 1/5
  1123 | D:1      | Reached XP level 3. HP: 18/19 MP: 7/7
  1128 | D:1      | Learned a level 3 spell: Stone Arrow
  1344 | D:2      | Reached skill level 1 in Conjurations
  1409 | D:1      | Reached XP level 4. HP: 23/24 MP: 1/9
  2724 | D:3      | Reached XP level 5. HP: 28/28 MP: 10/10
  2743 | D:3      | Learned a level 5 spell: Lee's Rapid Deconstruction
  3398 | D:3      | Noticed a phantom
  3427 | D:3      | Killed a phantom
  3427 | D:3      | Reached skill level 5 in Earth Magic
  3427 | D:3      | Reached XP level 6. HP: 17/32 MP: 7/12
  4226 | D:4      | Reached skill level 5 in Spellcasting
  4478 | D:4      | Mangled by an ogre

Skill      XL: |  1  2  3  4  5  6 |
---------------+-------------------+-----
Spellcasting   | 3 4 5 |  5.0
Earth Magic    | 4 5 |  5.4
Conjurations   | 1 2 |  2.8
Dodging        | |  1.5
Stealth        | |  2.1
Transmutations | |  0.7

Action                   |  1- 3 |  4- 6 || total
-------------------------+-------+-------++-------
Melee: Club              |     1 |       ||     1
       Dagger            |    73 |   230 ||   303
 Cast: Sandblast         |    15 |    22 ||    37
       Stone Arrow       |     1 |       ||     1
  Use: Scroll            |       |     9 ||     9
 Stab: Sleeping          |     3 |     7 ||    10
  Eat: Chunk             |     2 |    10 ||    12
Armor: Robe              |    18 |    93 ||   111
Dodge: Dodged            |    54 |   159 ||   213
